← All builds
Front / Cortex / Economy first / OBSERVED BUILD

Standard front

Cortex Front build order · Supreme Isthmus

Standard economy-first Front play: Bot Lab immediately, Advanced Metal Extractor around 9:23, then a mixed Thug/Grunt/Aggravator army sent up to defend the wider gap and move to middle as a line.

#eco #team support · 477 distinct matches · 147 players · 65% of Cortex Front games · team won 51% of 494 · Recently observed

HOW TO PLAY IT

Key timing: Bot Lab by 0:40

  1. Open 2 mex into early Bot Lab.
  2. Finish Bot Lab and start Thug, Grunt, Aggravator mix.
  3. Send first units to coast to stop leaks, not straight to mid.
  4. Transition into Advanced Metal Extractor as eco scales.
  5. Move units up as a line toward middle to hold the wider gap.

Phase by phase

TYPICAL OF ITS 477 GAMES
  1. 1
  2. 2
  3. 3
PLAY THE OPENING

Follow the example game's first 6:00 step by step: what to build now, what comes next, and where it goes. At 1× it keeps pace with your own game.

  1. 1

    Up to the Bot Lab

    Economy
    • Metal Extractor2Mex
    Order
    1. Bot LabBot Lab after 2 mexdone ~0:40, middle half 0:34–0:46

    Some games also: wind (39%)

    By 0:23 in all: 2 mex

    The example game in this phase · 2 steps
    1. Mex ×2
    2. Mexfor Air
  2. 2

    Bot Lab to 5:00

    Economy
    • Metal Extractor4Mex
    • Wind Turbine4Wind
    Builders
    • Construction Bot3 Con bot
    • Graverobber2 Graverobber
    Army
    • Guard2 Guard
    • Thug9 Thug
    • Aggravator5 Aggravator
    • Grunt4 Grunt

    Some games also: con turret (46%) · Radar Tower (34%)

    By 5:00 in all: 6 mex · 5 wind

    The example game in this phase · 36 steps
    1. Solarfor Air
    2. Bot LabBot Labfor Airdone 0:57 · typical 0:40
    3. GraverobberGraverobber
    4. Construction BotCon bot
    5. GruntGrunt ×4
    6. Mexfor Air
    7. GruntGrunt ×4
    8. GraverobberGraverobber
    9. GruntGrunt ×2
    10. Solarfor Air
    11. GruntGrunt
    12. Construction BotCon bot
    13. Mexfor Air
    14. Construction BotCon bot ×2
    15. ThugThug
    16. Mexfor Air
    17. ThugThug
    18. Windfor Air
    19. ThugThug ×2
    20. GuardGuardfor Air
    21. Twin GuardTwin Guardfor Air
    22. ThugThug
    23. Windfor Air
    24. ThugThug ×2
    25. GraverobberGraverobberfor Suicide front
    26. Windfor Air
    27. Twin GuardTwin Guard
    28. ThugThug
    29. Radar TowerRadar Tower
    30. ThugThug ×2
    31. Windfor Air
    32. ThugThug ×2
    33. Windfor Air
    34. WardenWarden
    35. ThugThug ×3
    36. Windfor Air
  3. 3

    5:00 to 10:00

    Economy
    • Metal Extractor1Mex
    • Wind Turbine17Wind
    Builders
    • Construction Turret2 Con turret
    • Graverobber2 Graverobber
    • Construction Bot1 Con bot
    Army
    • Guard1 Guard
    • Grunt7 Grunt
    • Thug5 Thug
    • Aggravator1 Aggravator

    Some games also: Radar Tower (43%) · energy storage (37%) · converter (37%) · Twin Guard (34%) · eat Bot Lab (37%)

    By 10:00 in all: 7 mex · 24 wind · 3 con turret

    The example game in this phase · 33 steps
    1. ThugThug ×2
    2. Con turret
    3. Mex
    4. ThugThug
    5. Windfor Air
    6. ThugThug ×2
    7. Windfor Air
    8. Dragon's MawDragon's Maw
    9. ThugThug ×2
    10. Wind
    11. Dragon's MawDragon's Maw
    12. Con turret
    13. ThugThug
    14. Con turret
    15. Wind
    16. Con turretfor Air
    17. Wind
    18. ThugThug
    19. JellyfishJellyfish
    20. Wind
    21. ThugThug
    22. ThugThugfor Air
    23. Advanced Metal ExtractorT2 mexfor Airdone 8:39 · typical 9:25
    24. Wind
    25. Mex
    26. Wind
    27. WardenWarden
    28. Wind
    29. ThugThugfor Air
    30. Advanced Metal ExtractorT2 mexfor Air
    31. ThugThugfor Air
    32. WardenWarden
    33. Wind ×2for Air

Counts are medians over the build's games: half of them build more, half fewer. The example game is BOBI's (30 OS, 21/08/2026); pick another.

Team trades

IN AT LEAST 30% OF ITS GAMES

You hand over

Nothing regular.

You get

  • Tidal Generator4 Tidal from Pondfirst at 0:17 · in 65% of games
  • Advanced Construction Bot1 T2 con bot from Geo or Techfirst at 7:46 · in 62% of games

How it plays out

Typical game of this build, running totals by minute

Metal produced

010k20k30k
0:005:0010:0015:00

metal

Enemy metal destroyed

05k10k
0:005:0010:0015:00

metal

Own metal lost

05k10k
0:005:0010:0015:00

metal

494 games.

Show as table
ByMetal produced: This buildEnemy metal destroyed: This buildOwn metal lost: This build
1:0033100
2:0085800
3:00163310886
4:002721391335
5:003870942840
6:00512916101543
7:00645124192460
8:00779131803348
9:00926239104271
10:001093246385079
11:001274553075984
12:001460358176877
13:001691863307594
14:001917069658486
15:002095276059349
WHAT THE NUMBERS SAY

Standard front play wins less than half its games, with losses slightly outpacing kills through the first 15 minutes.

  • + Kills reach 7200 by 15:00 despite the safer starting position.
  • + T2 constructor reached in 85% of games, solid tech follow-through.
  • − Team wins under half of games (45%), the weakest shown here.
  • − Own metal lost (9484) exceeds enemy metal destroyed (7200) by 15:00.
THE EXAMPLE YOU ARE READING

BOBI

30.1 OS · 21/08/2026

Open source match ↗

7 received units · includes a constructor
59 metal received · 4178 energy received

Allied construction assistance is unknown. Timings are observations, not a promise of solo reproducibility.

Typical milestones

Bot Lab0:40Middle 50%: 0:34–0:46 · n=478
Advanced Metal Extractor9:25Middle 50%: 8:19–10:43 · n=359

Played most by

iLike2Eco33games of this buildTheGeneraI27games of this buildSauceDispenser27games of this buildwatermeloans19games of this buildEl_Turco15games of this build